AoeStats
← LordValor

MegaRandom

509141958Analyzed
4v4 RM · 7d ago on Sep 25, 2026· 35m 20s· 8 players
Game mode
Random Map
Map size
Large (8 player)
Population
200
Speed
Normal
Resources
Standard
Victory
Conquest
Starting age
Dark Age
Ending age
Imperial Age
RankedLock teamsTeams togetherTeam positionsShared explorationLock speedFull tech treeHidden civsTurbo modeCheats
Victory
Defeat
🇧🇴 Slavs · Bolivia
921
+14
🇩🇪 Japanese · Germany
920
+14
🇨🇳 Wei · China
882
+16
🇮🇳 Romans · India
849
+17
🇵🇱 Inca · Poland
912
-18
🇪🇸 Bohemians · Spain
881
-15
🇪🇸 Cumans · Spain
854
-14
🇬🇧 Khmer · United Kingdom
845
-14
Tipu Sultan
0:28 Loom
11:41 Feudal Age
12:04 Horse Collar
12:17 Double-Bit Axe
14:53 Town Watch
17:15 Gold Mining
17:15 Stone Mining
17:19 Gold Mining
17:22 Fishing Lines
18:40 Wheelbarrow
19:49 Wheelbarrow
18:59 Town Watch
23:19 Castle Age
22:19 Bloodlines
27:07 Heavy Plow
29:09 Bow Saw
29:49 Caravan
35:33 Imperial Age
33:07 Gillnets
35:07 Medium Warships
Karlos
12:11 Feudal Age
15:57 Castle Age
16:02 Double-Bit Axe
20:11 Padded Archer Armor
20:02 Fletching
21:49 Wheelbarrow
21:19 Horse Collar
25:21 Bow Saw
25:55 Heavy Plow
28:19 Hand Cart
32:05 Imperial Age
29:54 Leather Archer Armor
29:34 Bodkin Arrow
31:50 Medium Warships
32:16 Ballistics
33:22 Ring Archer Armor
32:52 Bracer
33:58 Chemistry
35:23 Heavy Warships
Musze312
12:53 Feudal Age
11:34 Loom
14:10 Wheelbarrow
13:44 Double-Bit Axe
14:38 Horse Collar
15:44 Gold Mining
16:45 Loom
16:56 Stone Mining
17:15 Fishing Lines
22:43 Castle Age
24:57 Gillnets
29:23 Bow Saw
29:30 Hand Cart
29:18 Heavy Plow
29:56 Gold Shaft Mining
29:57 Town Watch
30:18 Scale Mail Armor
30:30 Forging
30:54 Heated Shot
31:28 Ballistics
32:16 Stone Shaft Mining
32:26 Iron Casting
32:22 Fletching
32:32 Murder Holes
32:55 Careening
32:57 Clinker Construction
37:24 Imperial Age
34:57 Town Patrol
34:57 Bodkin Arrow
PREDATOR_BG
9:52 Feudal Age
9:25 Loom
10:36 Double-Bit Axe
14:07 Horse Collar
18:00 Gold Mining
18:03 Stone Mining
23:46 Castle Age
23:21 Bloodlines
24:42 Bow Saw
24:34 Heavy Plow
25:14 Gold Shaft Mining
25:32 Wheelbarrow
28:25 Scale Barding Armor
28:31 Forging
28:15 Fletching
32:04 Imperial Age
29:43 Padded Archer Armor
31:57 Chain Barding Armor
31:33 Bodkin Arrow
31:54 Leather Archer Armor
32:45 Hand Cart
33:14 Iron Casting
34:17 Two-Man Saw
35:07 Crop Rotation
34:24 Light Cavalry
35:15 Steppe Husbandry
35:18 Cuman Mercenaries
35:39 Conscription
LordValor
12:26 Loom
15:13 Feudal Age
15:44 Double-Bit Axe
15:42 Fishing Lines
23:08 Castle Age
30:38 Imperial Age
29:09 Bow Saw
29:16 Gillnets
30:32 Ballistics
32:22 Chemistry
34:57 Two-Man Saw
34:59 Town Watch
DeMoTiX
6:09 Loom
10:39 Feudal Age
12:17 Wheelbarrow
14:38 Town Watch
14:39 Fishing Lines
15:43 Double-Bit Axe
20:50 Castle Age
19:37 Horse Collar
24:33 Hand Cart
24:39 Bow Saw
26:57 Hand Cart
29:49 Imperial Age
28:05 Stone Mining
29:52 Ballistics
29:45 Heavy Plow
29:59 Fletching
30:24 Gold Mining
32:09 Pikeman
35:25 Two-Man Saw
35:00 Onager
35:54 Husbandry
Iluvatar
5:47 Loom
12:23 Feudal Age
14:49 Double-Bit Axe
17:28 Castle Age
15:26 Horse Collar
20:10 Bow Saw
20:48 Gold Mining
23:21 Fishing Lines
27:11 Gold Shaft Mining
26:27 Stone Mining
26:32 Gillnets
26:40 Fletching
26:51 Padded Archer Armor
27:15 Ballistics
26:49 Heated Shot
26:41 Treadmill Crane
27:15 Clinker Construction
27:18 Careening
28:09 Medium Warships
30:58 Masonry
30:53 Caravan
30:52 Bodkin Arrow
31:12 Leather Archer Armor
31:09 Forging
30:59 Scale Mail Armor
31:05 Scale Barding Armor
34:11 Imperial Age
32:17 Wheelbarrow
31:27 Town Watch
32:20 Bloodlines
32:11 Husbandry
31:36 Light Cavalry
33:32 Thumb Ring
35:24 Hand Cart
35:10 Town Patrol
35:28 Heavy Plow
Ilaiya1082000
11:16 Feudal Age
15:58 Castle Age
18:19 Loom
21:23 Double-Bit Axe
22:48 Bow Saw
22:20 Horse Collar
30:27 Imperial Age
30:02 Heavy Plow
29:26 Man-at-Arms
30:39 Squires
32:03 Conscription
31:49 Ballistas
32:46 Gold Mining
32:46 Stone Mining
33:25 Ballistics
34:06 Chemistry
34:26 Chemistry
34:17 Medium Warships
36:15 Heavy Warships
Connection lost

Rejoining the realm…

Still unreachable

The connection could not be restored.

Session expired

The server has moved on; the page needs a fresh start.